 Dungeon Crawl Stone Soup version 0.29-a0-598-gd8304a5bf4 (webtiles) character file.

Game seed: 9742752452088933363

5384 DocClef the Spear-Bearer (level 10, -3/81 HPs)
             Began as a Purple Draconian Fighter on June 16, 2022.
             Was a High Priest of Okawaru.
             Slain by an ice devil (10 damage)
             ... summoned by a kobold demonologist
             ... on level 9 of the Dungeon.
             The game lasted 00:10:50 (9217 turns).

DocClef the Spear-Bearer (Purple Draconian Fighter) Turns: 9217, Time: 00:10:50

Health: -3/81      AC: 17    Str: 23    XL:     10   Next: 39%
Magic:  8/10       EV: 14    Int:  9    God:    Okawaru [*****.]
Gold:   679        SH:  5    Dex: 10    Spells: 9/9 levels left

rFire   . . .      SeeInvis .   n - +6 spear "Qix Betau" {vamp, rN++ Will+ Stlth+}
rCold   . . .      Faith    .   b - +0 buckler
rNeg    + + .      Spirit   .   (body armour unavailable)
rPois   .          Reflect  .   (helmet restricted)
rElec   .          Harm     .   I - +2 cloak
rCorr   .          Rampage  .   a - +1 pair of gloves
Will    +++..                   k - +0 pair of boots
Stlth   ++++......              (no amulet)
HPRegen 0.23/turn               G - +4 ring of protection
MPRegen 0.12/turn               D - ring of willpower

@: heroic, studying Short Blades
A: breathe power, AC +7, unfitting armour, cold-blooded
a: Breathe Dispelling Energy, Renounce Religion, Heroism, Finesse, Duel


You were on level 9 of the Dungeon.
You worshipped Okawaru.
Okawaru was extremely pleased with you.
You visited 1 branch of the dungeon, and saw 9 of its levels.
You also visited: Sewer and Ossuary.

You collected 679 gold pieces.

Inventory:

Hand Weapons
 n - the +6 spear "Qix Betau" (weapon) {vamp, rN++ Will+ Stlth+}
   (You found it on level 2 of the Dungeon)

   It occasionally heals its wielder for a portion of the damage dealt when it
   wounds a living foe.
   rN:        It greatly protects you from negative energy.
   Will:      It increases your willpower.
   Stlth:     It makes you more stealthy.
 C - a +1 vorpal war axe
Missiles
 J - a throwing net (quivered)
Armour
 a - a +1 pair of gloves (worn)
 b - a +0 buckler (worn)
 k - a +0 pair of boots (worn)
 I - a +2 cloak (worn)
Jewellery
 e - a +6 ring of dexterity
 D - a ring of willpower (right hand)
 E - a ring of positive energy
 G - a +4 ring of protection (left hand)
 L - an amulet of faith
Wands
 x - a wand of flame (49)
Scrolls
 f - 4 scrolls of fog
 g - a scroll of poison {unknown}
 j - 19 scrolls of identify
 p - a scroll of torment {unknown}
 q - 5 scrolls of fear {unknown}
 s - 5 scrolls of vulnerability {unknown}
 t - 2 scrolls of brand weapon {unknown}
 u - 3 scrolls of amnesia {unknown}
 y - 4 scrolls of teleportation {unknown}
 z - a scroll of immolation {unknown}
 M - a scroll of summoning {unknown}
Potions
 c - 5 potions of might
 d - 5 potions of resistance {unknown}
 h - 7 potions of curing {unknown}
 i - 4 potions of brilliance {unknown}
 l - a potion of haste
 m - a potion of berserk rage
 o - a potion of mutation {unknown}
 r - a potion of cancellation {unknown}
 v - 3 potions of heal wounds {unknown}
 w - a potion of invisibility {unknown}
 A - 2 potions of magic {unknown}
 B - a potion of lignification {unknown}
 F - a potion of flight {unknown}
 H - a potion of ambrosia {unknown}
 K - a potion of degeneration {unknown}


   Skills:
 - Level 5.2(10.2) Fighting
 - Level 2.0(14.6) Axes
 - Level 14.4(19.5) Polearms
 + Level 4.0(9.0) Dodging
 - Level 3.0(8.0) Shields


You had 9 spell levels left.
You didn't know any spells.
Your spell library contained the following spells:

 Spells                   Type           Power      Damage    Failure   Level
 Sandblast                Erth           0%         2d4       45%         1
 Blink                    Tloc           0%         N/A       58%         2
 Passwall                 Tmut/Erth      0%         N/A       58%         2
 Ignite Poison            Fire/Tmut/Pois 0%         N/A       83%         3
 Lesser Beckoning         Tloc           0%         N/A       83%         3
 Mephitic Cloud           Conj/Pois/Air  0%         N/A       83%         3
 Ozocubu's Armour         Ice            0%         N/A       83%         3
 Portal Projectile        Hex/Tloc       0%         N/A       83%         3
 Stone Arrow              Conj/Erth      0%         3d7       83%         3
 Blade Hands              Tmut           0%         N/A       100%        5
 Freezing Cloud           Conj/Ice/Air   0%         6-21      100%        5
 Manifold Assault         Tloc           0%         N/A       100%        5
 Ozocubu's Refrigeration  Ice            0%         4d5       100%        7
 Tukima's Dance           Hex            Unusable   N/A       N/A         3

Dungeon Overview and Level Annotations

Branches:
Dungeon (9/15)             Temple (0/1) D:5           Sewer (visited)
Ossuary (visited)
   Lair: D:8-11         Orc: D:9-12

Altars:
Dithmenos
Gozag
Kikubaaqudgha
Nemelex Xobeh
Okawaru
Vehumet
The Shining One

Shops:
D:3 :   D:5 *   D:7 *

Annotations:
D:8 Amaemon


Innate Abilities, Weirdness & Mutations

You can breathe bolts of dispelling energy.
Your rich purple scales are hard. (AC +7)
You cannot fit into any form of body armour.
You are cold-blooded and may be slowed by cold attacks.


Message History

You puncture the kobold demonologist!
You feel better.
Your tail-slap misses the kobold demonologist.
The kobold demonologist is almost dead.
The gnoll hits you but does no damage. You block the gnoll's attack.
The gnoll completely misses you. You block the gnoll shaman's attack.
The gnoll hits you but does no damage.
The kobold demonologist barely misses you.
The quasit bites you but does no damage.
You block the quasit's attack. The quasit closely misses you.
The gnoll hits you but does no damage.
You barely miss the kobold demonologist.
The kobold demonologist is almost dead.
The gnoll hits you from afar with a +0 spear!
* * * LOW HITPOINT WARNING * * *
You block the gnoll's attack.
The ice devil hits you but does no damage.
The shadow imp barely misses you. The gnoll barely misses you.
The quasit bites you but does no damage.
The quasit completely misses you. The quasit closely misses you.
The kobold demonologist hits you but does no damage.
The gnoll barely misses you. The gnoll shaman barely misses you.
You closely miss the kobold demonologist.
The kobold demonologist is almost dead.
You feel yourself speed up. The gnoll misses you. You block the gnoll's attack.
The gnoll closely misses you. The ice devil misses you.
The shadow imp grins evilly.
The shadow imp barely misses you. The quasit misses you.
The quasit completely misses you. The quasit misses you.
The gnoll closely misses you. The gnoll barely misses you.
You hit the kobold demonologist.
You feel better.
Your tail-slap misses the kobold demonologist.
The kobold demonologist is almost dead.
You block the gnoll's attack.
The kobold demonologist looks satisfied for a moment.
The gnoll misses you.
The gnoll shaman hits you with a +0 whip.
* * * LOW HITPOINT WARNING * * *
The shadow imp barely misses you. The ice devil hits you!
You die...

#......#..#...<#
#......#..#....)
#......# #...)#
#......# ######
#......# .
.########......# .
...............# ..
......g55......# ..
.....gg@...?...#
...
.....gK4.......#
.....g.........#
....########...#
... ..........#
##### ..
..........#####....
.
...#.#.............
.#.....#.....>.....
....#......#.......


You could see an ice devil (summoned), a kobold demonologist, a gnoll shaman, a
quasit (summoned), 4 gnolls and a shadow imp (summoned).

Vanquished Creatures
  Joseph (D:7)
  3 wyverns (D:7)
  Eustachio (D:5)
  6 yaks (D:8)
  Menkaure (D:6)
  A water moccasin (D:8)
  An orc warrior (D:6)
  Pargi (Sewer)
  A sky beast (D:8)
  3 ice beasts
  An ogre (D:7)
  3 centaurs
  2 phantoms (D:5)
  3 kobold brigands
  3 necrophages
  A bullfrog (D:7)
  A scorpion (D:5)
  2 gnoll sergeants
  4 water moccasin zombies (Ossuary)
  10 wights
  A gnoll shaman (D:4)
  4 orc priests
  7 hounds
  3 iguanas
  2 orc wizards
  2 mummies (Ossuary)
  16 gnolls
  2 river rats (D:6)
  11 adders
  A shadow imp (D:5)
  3 white imps
  An ufetubus (D:6)
  2 adder zombies (Ossuary)
  3 worms
  2 dart slugs
  40 orcs
  10 ball pythons
  5 bats
  7 endoplasms
  5 giant cockroaches
  A gnoll zombie (Ossuary)
  6 hobgoblins
  3 jackals (D:4)
  23 kobolds
  5 quokkas
  2 frilled lizards
  7 goblins
  7 hobgoblin zombies (Ossuary)
  5 kobold zombies (Ossuary)
  8 orc zombies (Ossuary)
  6 rats
  2 rat zombies (D:6)
251 creatures vanquished.

Vanquished Creatures (others)
  7 withered plants (D:4)
7 creatures vanquished.

Grand Total: 258 creatures vanquished

Notes
Turn   | Place    | Note
-------+----------+-------------------------------------------
     0 | D:1      | DocClef the Draconian Fighter began the quest for the Orb.
     0 | D:1      | Reached XP level 1. HP: 19/19 MP: 1/1
   474 | D:1      | Reached XP level 2. HP: 25/27 MP: 2/2
   815 | D:1      | Found a faded altar of an unknown god.
   815 | D:1      | Noticed a balrug
  1323 | D:2      | Identified the +6 spear "Qix Betau" {vamp, rN++ Will+
                  | Stlth+}
  1429 | D:2      | Reached XP level 3. HP: 35/35 MP: 3/3
  1810 | D:2      | Found an opulent altar of Gozag.
  1830 | D:2      | Reached skill level 5 in Fighting
  2555 | D:3      | Found an iron altar of Okawaru.
  2578 | D:2      | Reached skill level 1 in Polearms
  2578 | D:2      | Reached XP level 4. HP: 17/42 MP: 4/4
  2883 | D:3      | Reached skill level 2 in Polearms
  2891 | D:3      | Reached XP level 5. HP: 36/48 MP: 5/5
  2896 | D:3      | Became a worshipper of Warmaster Okawaru
  3067 | D:3      | Reached skill level 3 in Polearms
  3303 | D:3      | Found Odopt's Book Boutique.
  3808 | D:4      | Reached skill level 4 in Polearms
  3885 | D:4      | Identified the +4 ring mail "Tatwyfer" {*Slow rPois SInv
                  | Stlth+}
  4122 | D:4      | Reached XP level 6. HP: 54/56 MP: 6/6
  4213 | D:4      | Reached skill level 5 in Polearms
  4287 | D:4      | Reached * piety under Okawaru
  4335 | D:4      | Found an ancient bone altar of Kikubaaqudgha.
  4423 | D:4      | Reached skill level 6 in Polearms
  4463 | D:4      | Your scales start taking on a rich purple colour.
  4463 | D:4      | Reached XP level 7. HP: 61/61 MP: 7/7
  4832 | D:5      | Entered Level 5 of the Dungeon
  5060 | D:5      | Reached skill level 7 in Polearms
  5245 | D:5      | Found a staircase to the Ecumenical Temple.
  5257 | D:5      | Noticed Eustachio
  5287 | D:5      | Killed Eustachio
  5288 | D:5      | Reached skill level 8 in Polearms
  5319 | D:5      | Reached XP level 8. HP: 68/68 MP: 8/8
  5385 | D:5      | Reached ** piety under Okawaru
  5747 | D:5      | Found Utot's Overcharged Wands.
  5993 | D:6      | Reached skill level 9 in Polearms
  5995 | D:6      | Found a sand-covered staircase.
  6009 | Ossuary  | Entered an ossuary
  6348 | D:6      | Found a glowing drain.
  6374 | D:6      | Reached skill level 10 in Polearms
  6377 | Sewer    | Entered a sewer
  6399 | Sewer    | Noticed Pargi
  6410 | Sewer    | Killed Pargi
  6529 | D:6      | Found a glowing golden altar of the Shining One.
  6576 | D:6      | Found a shadowy altar of Dithmenos.
  6687 | D:6      | Noticed Menkaure
  6700 | D:6      | Killed Menkaure
  6813 | D:6      | Found a sparkling altar of Nemelex Xobeh.
  6849 | D:6      | Reached *** piety under Okawaru
  6850 | D:6      | Reached skill level 11 in Polearms
  6850 | D:6      | Reached XP level 9. HP: 74/74 MP: 9/9
  7072 | D:7      | Noticed Joseph
  7094 | D:7      | Killed Joseph
  7095 | D:7      | Reached skill level 12 in Polearms
  7142 | D:7      | Found Doecuadi's General Store.
  7167 | D:7      | Reached **** piety under Okawaru
  7343 | D:7      | Reached skill level 13 in Polearms
  7882 | D:8      | Reached XP level 10. HP: 81/81 MP: 7/10
  7885 | D:8      | Received a gift from Okawaru
  7899 | D:8      | Reached ***** piety under Okawaru
  7900 | D:8      | Reached skill level 14 in Polearms
  8785 | D:8      | Noticed Amaemon
  8785 | D:8      | Noticed an orange demon
  9190 | D:9      | Found a radiant altar of Vehumet.
  9217 | D:9      | Slain by an ice devil

Illustrated notes

Levels and vault maps discovered:
D:1:      mushboom_english_gardens, layout_basic,
          dreamdust_ecumenical_altar_sealed_demon
D:2:      layout_basic, basic_altar, serial_co_window_serial, co_window_paths_a,
          co_window_corner_a, co_window_paths_b, co_window_corner_a,
          co_window_paths_a, co_window_paths_a, co_window_corner_a,
          co_window_of_opportunity_a, co_window_paths_a, co_window_corner_b,
          co_window_broadway_b, co_window_corner_b, co_window_unsneaky_path_e,
          co_window_corner_b, co_window_corner_cb, co_window_2corner,
          glass_columns_b, glass_columns_b, glass_columns_b, glass_columns_a,
          corexii_leaking_fountain, minmay_split_cup_large
D:3:      layout_basic, okawaru_trees_2, serial_shops, nicolae_shop_hallway_plus
D:4:      minmay_razor_zed, layout_rooms, kiku_gazebo_garden_becter,
          minivault_5, chequers_serial_rivers_micro_c,
          kennysheep_generic_room_12
D:5:      layout_basic, minmay_temple_entry_steel_oval,
          nicolae_shop_overcharged_wands, uniq_eustachio
D:6:      layout_rooms, lemuel_tele_altar,
          mainiacjoe_overflow_concentric_impassable,
          nemelex_xobeh_ov_fountains_minmay, portal_sewer_entry_b,
          enter_ossuary_4, serial_bayou_pond_e, uniq_menkaure
D:7:      layout_cave_pools, minmay_shop_grid_forest, minmay_manual_maat,
          uniq_joseph
D:8:      layout_gridville, special_room [special_room_orc], uniq_amaemon
D:9:      layout_irregular_city, nicolae_vehumet_radiance

Skill      XL: |  1  2  3  4  5  6  7  8  9 10 |
---------------+-------------------------------+-----
Fighting       | 4 5 |  5.2
Polearms       | 1 2 4 6 8 11 13 14 | 14.4
Dodging        | 4 |  4.0
Axes           | |  2.0
Shields        | |  3.0

Action                   |  1- 3 |  4- 6 |  7- 9 | 10-12 || total
-------------------------+-------+-------+-------+-------++-------
Melee: War axe           |    71 |       |       |       ||    71
       Tailslap          |    11 |    12 |    57 |    17 ||    97
       Spear             |    60 |   162 |   443 |   172 ||   837
Invok: Heroism           |       |       |     2 |     1 ||     3
 Abil: Breathe Dispellin |       |       |     1 |       ||     1
  Use: Scroll            |       |       |     4 |       ||     4
 Stab: Sleeping          |     7 |     9 |    15 |     1 ||    32
Armor: Skin              |    48 |    24 |    71 |    36 ||   179
Dodge: Dodged            |    68 |    55 |   106 |    55 ||   284
Block: Buckler           |    24 |    22 |    35 |    27 ||   108

Table legend: (Time is in decaauts)
 A = Elapsed time spent in this place.
 B = Non-inter-level travel time spent in this place.
 C = Inter-level travel time spent in this place.
 D = Time resting spent in this place.
 E = Time spent auto-exploring this place.
 F = Levels seen in this place.
 G = Mean time per level.
                   A        B        C        D        E       F      G
               +--------+--------+--------+--------+--------+-----+--------+
         Total |   9005 |   8613 |    392 |    281 |   6816 |  11 |  818.6 |
       Dungeon |   8714 |   8322 |    392 |    281 |   6625 |   9 |  968.2 |
         Sewer |     71 |     71 |      0 |      0 |     46 |   1 |   71.0 |
       Ossuary |    219 |    219 |      0 |      0 |    145 |   1 |  219.0 |
               +--------+--------+--------+--------+--------+-----+--------+

Top non-repeatable levels by time:
     D:2: 1705 daAuts
     D:5: 1191 daAuts
     D:8: 1146 daAuts
     D:1: 1126 daAuts
     D:4: 1045 daAuts
     D:3: 977 daAuts
     D:7: 648 daAuts
     D:6: 573 daAuts
     D:9: 299 daAuts
 Ossuary: 219 daAuts
   Sewer: 71 daAuts
